 Dungeon Crawl Stone Soup version 0.31-a0-446-g07c4bd200f (webtiles) character file.

Game seed: 6488381883385159448

2424 Conn the Arsonist (level 9, -5/53 HPs)
             Began as an Octopode Fire Elementalist on Aug 3, 2023.
             Was a Follower of Sif Muna.
             Slain by a wolf (10 damage)
             ... on level 8 of the Dungeon.
             The game lasted 00:20:12 (7622 turns).

Conn the Arsonist (Octopode Fire Elementalist)      Turns: 7622, Time: 00:20:13

Health: -5/53      AC:  1    Str:  5    XL:     9   Next: 48%
Magic:  16/18      EV: 13    Int: 27    God:    Sif Muna [*.....]
Gold:   376        SH:  0    Dex: 15    Spells: 1/20 levels left

rFire   . . .        p - +6 trident of Urgency {heavy, rC+ Will++ Str-3 Dex+3}
rCold   + + .        (no shield)
rNeg    . . .        (helmet restricted)
rPois   .            v - amulet of magic regeneration
rElec   .            q - +6 ring of intelligence
rCorr   .            y - ring of protection from cold
SInv    .            (no ring)
Will    ++...        (no ring)
Stlth   ++++         (no ring)
HPRegen 0.28/turn    (no ring)
MPRegen 0.56/turn    (no ring)
                     (no ring)

%: no passive effects
@: brilliant, hasted, very quick
A: almost no armour, amphibious, 8 rings, camouflage 1, gelatinous body 1,
(nimble swimmer 1), tentacles
a: Renounce Religion, Channel Magic


You were on level 8 of the Dungeon.
You worshipped Sif Muna.
Sif Muna was aware of your devotion.
You visited 2 branches of the dungeon, and saw 9 of its levels.

You collected 376 gold pieces.

Inventory:

Hand Weapons
 f - a +3 heavy mace
 p - the +6 trident of Urgency (weapon) {heavy, rC+ Will++ Str-3 Dex+3}
   (You found it on level 3 of the Dungeon)

   Str:       It affects your strength (-3).
   Dex:       It affects your dexterity (+3).
   rC:        It protects you from cold.
   Will:      It greatly increases your willpower.
Armour
 w - a +0 kite shield
Magical Staves
 s - a staff of air
Jewellery
 q - a +6 ring of intelligence (left tentacle)
 v - an amulet of magic regeneration (around mantle)
 y - a ring of protection from cold (right tentacle)
Wands
 t - a wand of paralysis (7)
Scrolls
 h - 3 scrolls of teleportation {unknown}
 i - 3 scrolls of identify {unknown}
 j - 2 scrolls of enchant weapon {unknown}
 m - a scroll of poison {unknown}
 n - 2 scrolls of fog {unknown}
 o - a scroll of fear {unknown}
 r - a scroll of brand weapon {unknown}
 u - a scroll of revelation
 x - a scroll of enchant armour {unknown}
 z - 2 scrolls of silence {unknown}
 A - a scroll of amnesia {unknown}
Potions
 a - 2 potions of magic
 b - a potion of berserk rage {unknown}
 d - a potion of mutation {unknown}
 e - 2 potions of might {unknown}
 g - 2 potions of heal wounds {unknown}
 k - 3 potions of brilliance


   Skills:
 + Level 1.2 Fighting
 + Level 1.4 Maces & Flails
 + Level 1.2 Polearms
 + Level 2.3 Dodging
 + Level 4.0 Stealth
 * Level 6.2 Spellcasting
 * Level 5.1 Conjurations
 + Level 2.1 Hexes
 * Level 2.1 Translocations
 * Level 8.2 Fire Magic


You had one spell level left.
You knew the following spells:

 Your Spells              Type           Power      Damage    Failure   Level
a - Foxfire               Conj/Fire      100%       2x1d9     1%          1
b - Scorch                Fire           100%       2d9       1%          2
c - Inner Flame           Hex/Fire       53%        N/A       2%          3
d - Flame Wave            Conj/Fire      61%        2d14      4%          4
e - Blink                 Tloc           60%        N/A       4%          2
f - Iskenderun's Mystic   Conj/Tloc      42%        2d10      14%         4
g - Hailstorm             Conj/Ice       33%        3d8       7%          3

Your spell library contained the following spells:

 Spells                   Type           Power      Damage    Failure   Level
 Kiss of Death            Conj/Necr      100%       2d13      2%          1
 Freeze                   Ice            48%        1d6       6%          1
 Volatile Blastmotes      Fire/Tloc      100%       2d18      2%          3
 Sticky Flame             Conj/Fire      61%        2d8       4%          4
 Ensorcelled Hibernation  Hex/Ice        42%        N/A       6%          2
 Ignite Poison            Fire/Tmut/Pois 35%        N/A       6%          3
 Confusing Touch          Hex            30%        N/A       8%          3
 Portal Projectile        Hex/Tloc       60%        N/A       8%          3
 Tukima's Dance           Hex            30%        N/A       8%          3
 Frozen Ramparts          Ice            24%        1d4       19%         3
 Manifold Assault         Tloc           30%        N/A       26%         4
 Anguish                  Hex/Necr       10%        N/A       38%         4
 Dispel Undead            Necr           12%        3d9       54%         4
 Summon Ice Beast         Ice/Summ       12%        N/A       54%         4
 Simulacrum               Ice/Necr       6%         N/A       100%        6
 Summon Cactus Giant      Summ           6%         N/A       100%        6
 Ignition                 Fire           34%        3d10      100%        8


Dungeon Overview and Level Annotations

Branches:
Dungeon (8/15)             Temple (1/1) D:5            Lair (0/5) D:8

Altars:
Ashenzari
Cheibriados
Dithmenos
Elyvilon
Gozag
Hepliaklqana
Kikubaaqudgha
Makhleb
Okawaru
Qazlal
Ru
Sif Muna
Trog
Uskayaw
Vehumet
Wu Jian
Xom
Yredelemnul
Zin
The Shining One

Shops:
D:5 ?

Annotations:
D:6 3 runed translucent doors, Beaer's ghost, novice DsFi; Kiciri's ghost, novice DrCj; MacCMillion's ghost, novice DrSh; chipmonk's ghost, novice GnSh; mertasd123's ghost, novice OpSh
Temple 2 transporters


Innate Abilities, Weirdness & Mutations

You cannot wear most types of armour.
You are amphibious.
You can wear up to eight rings at the same time.
Your skin changes colour to match your surroundings (Stealth+).
Your rubbery body absorbs attacks. (AC +1, EV +1)
((You are camouflaged when in or above water. (Stealth+)))
You have tentacles for arms and can constrict up to eight enemies at once.


Message History

Unknown command.
Aiming: Paralyse
Press: ? - help, Shift-Dir - straight line, f - wolf
Aim: a wolf (heavily wounded, chance to affect: 49%)
The wolf resists with some effort.
The wolf bites you but does no damage. The wolf bites you!
* * * LOW HITPOINT WARNING * * *
Okay, then.
Unknown command.
Blink to where?
Press: ? - help, Dir - move target, p - wolf
As you read the scroll of blinking, it crumbles to dust.
Casting: Scorch (safe; 1% risk of failure)
Confirm with . or Enter, or press ? or * to list all spells.
Flames lash the wolf.
You kill the wolf!
Sif Muna accepts your kill.
Okay, then.
Unknown command.
Unknown command.
You feel yourself speed up.
Press: ? - help, v - describe, . - travel
Here: a wolf (lightly wounded)
The floor.
Unknown command.
Unknown command.
Unknown command.
Okay, then.
Unknown command.
Okay, then.
Unknown command.
Unknown command.
Unknown command.
Okay, then.
Unknown command.
Okay, then.
It was a potion of brilliance.
You feel clever all of a sudden. The wolf bites you!
You die...

#..........
......
###.##..###
#.##.# #....##
#.##.# #.####
#>##.# #.#
#.##.### #†#
#....... #h#
#.##.###
#h##########.##.#
#.@..........##.#
###############.#
#.# #.### #....
#####


You could see a wolf and a hound.

Vanquished Creatures
  Maggie (D:6)
  Grinder (D:3)
  An ice beast (D:7)
  A black bear (D:7)
  A sky beast (D:7)
  3 ogres
  A centaur (D:7)
  2 wolves (D:8)
  A phantom (D:5)
  A kobold brigand (D:7)
  A gnoll sergeant (D:5)
  A scorpion (D:7)
  2 bullfrogs
  3 wights (D:6)
  A howler monkey (D:4)
  A hound (D:4)
  An orc priest (D:5)
  5 iguanas
  6 orc wizards
  8 gnolls
  8 adders
  5 white imps
  A worm (D:3)
  A dart slug (D:5)
  23 orcs
  8 endoplasms
  2 giant cockroaches
  5 hobgoblins
  A jackal (D:2)
  A quokka (D:2)
  4 ball pythons
  5 bats
  4 frilled lizards
  4 goblins
  9 kobolds
  9 rats
132 creatures vanquished.

Vanquished Creatures (others)
  346 foxfires
346 creatures vanquished.

Grand Total: 478 creatures vanquished

Notes
Turn   | Place    | Note
-------+----------+-------------------------------------------
     0 | D:1      | Conn the Octopode Fire Elementalist began the quest for the
                  | Orb.
     0 | D:1      | Reached XP level 1. HP: 11/11 MP: 3/3
   536 | D:1      | Reached XP level 2. HP: 11/17 MP: 5/5
   543 | D:1      | Learned a level 2 spell: Scorch
  1203 | D:2      | Reached XP level 3. HP: 21/21 MP: 2/6
  1259 | D:2      | Learned a level 3 spell: Inner Flame
  1918 | D:2      | Found a faded altar of an unknown god.
  1985 | D:2      | Reached XP level 4. HP: 27/27 MP: 4/7
  2107 | D:3      | Noticed Grinder
  2107 | D:3      | Found a broken altar of Ashenzari.
  2365 | D:3      | Paralysed by Grinder for 5 turns
  2381 | D:3      | Paralysed by Grinder for 4 turns
  2386 | D:3      | Killed Grinder
  2387 | D:3      | Reached skill level 1 in Maces & Flails
  2387 | D:3      | Reached skill level 1 in Hexes
  2387 | D:3      | Reached skill level 4 in Fire Magic
  2387 | D:3      | Reached XP level 5. HP: 18/32 MP: 1/9
  2387 | D:3      | Reached XP level 6. HP: 21/37 MP: 1/10
  2700 | D:3      | Learned a level 4 spell: Flame Wave
  2825 | D:3      | Found a shadowy altar of Dithmenos.
  3225 | D:3      | Identified the +6 trident of Urgency {heavy, rC+ Will++
                  | Str-3 Dex+3}
  3354 | D:4      | Reached skill level 5 in Fire Magic
  3495 | D:4      | Found a glowing golden altar of the Shining One.
  3844 | D:4      | Reached XP level 7. HP: 37/42 MP: 12/12
  3918 | D:4      | Reached skill level 1 in Fighting
  4298 | D:5      | Entered Level 5 of the Dungeon
  4344 | D:5      | Found a staircase to the Ecumenical Temple.
  4350 | D:5      | Reached skill level 6 in Fire Magic
  4458 | Temple   | Found a transporter.
  4458 | Temple   | Found a transporter.
  4458 | Temple   | Found a transporter.
  4458 | Temple   | Found a transporter.
  4458 | Temple   | Entered the Ecumenical Temple
  4476 | Temple   | Became a worshipper of Sif Muna the Loreminder
  4534 | D:5      | Found a sacrificial altar of Ru.
  4670 | D:5      | Learned a level 2 spell: Blink
  5006 | D:5      | Found Gamyheu's Magic Scroll Shop.
  5271 | D:5      | Reached XP level 8. HP: 48/48 MP: 4/13
  5863 | D:6      | Found a glowing silver altar of Zin.
  5863 | D:6      | Found an opulent altar of Gozag.
  5888 | D:6      | Found a runed translucent gate.
  5889 | D:6      | Found a runed translucent gate.
  5889 | D:6      | Found a runed translucent gate.
  5890 | D:6      | Noticed MacCMillion's ghost (novice DrSh)
  5890 | D:6      | Noticed mertasd123's ghost (novice OpSh)
  5890 | D:6      | Noticed Beaer's ghost (novice DsFi)
  5890 | D:6      | Noticed Kiciri's ghost (novice DrCj)
  5890 | D:6      | Noticed chipmonk's ghost (novice GnSh)
  5898 | D:6      | Learned a level 4 spell: Iskenderun's Mystic Blast
  6044 | D:6      | Noticed Maggie
  6057 | D:6      | Killed Maggie
  6058 | D:6      | Reached skill level 1 in Polearms
  6058 | D:6      | Reached skill level 5 in Spellcasting
  6058 | D:6      | Reached skill level 1 in Translocations
  6266 | D:6      | Reached skill level 7 in Fire Magic
  6268 | D:6      | Found a hide-covered altar of Uskayaw.
  6648 | D:7      | Reached XP level 9. HP: 51/53 MP: 9/17
  6780 | D:7      | Found a basalt altar of Yredelemnul.
  6782 | D:7      | Found an iron altar of Okawaru.
  6825 | D:7      | Reached * piety under Sif Muna
  7018 | D:7      | Reached skill level 8 in Fire Magic
  7547 | D:7      | Learned a level 3 spell: Hailstorm
  7608 | D:8      | Found a staircase to the Lair.
  7616 | D:8      | Reached skill level 5 in Conjurations
  7622 | D:8      | Slain by a wolf

Illustrated notes

Levels and vault maps discovered:
D:1:      sevenhm_arrival_forest_fort_small_3, layout_basic
D:2:      minmay_recursive_quarters, layout_loops_cross,
          shapermc_ecumenical_altar_mp_highgroup, minmay_quadrilaterals
D:3:      layout_loops_ring, grunt_dithmenos_smoke_and_mirrors,
          nicolae_ashenzari_skybound, uniq_grinder
D:4:      layout_gridville, mainiacjoe_overflow_six_doors_small
D:5:      layout_layer_cave, kennysheep_little_box, minmay_temple_entry_waves,
          serial_shops, nicolae_take_the_stairs, lightli_minifort
D:6:      layout_gridville, grunt_temple_overflow_gold_and_silver,
          nicolae_uskayaw_dance_hall, gammafunk_ghost_cemetery, uniq_maggie
D:7:      layout_loops_corners, nicolae_overflow_hidden_temple,
          roderic_lattice_a
D:8:      layout_loops_ring, erik_lair_island, chequers_mini_garden,
          uniq_maurice
Temple:   hellmonk_temple_divided_pantheon

Skill      XL: |  1  2  3  4  5  6  7  8  9 |
---------------+----------------------------+-----
Stealth        | 3 4 |  4.0
Maces & Flails | 1 |  1.4
Spellcasting   | 3 5 6 |  6.2
Hexes          | 1 2 |  2.1
Fire Magic     | 4 5 6 7 8 |  8.2
Conjurations   | 2 3 4 5 |  5.1
Fighting       | 1 |  1.2
Polearms       | 1 |  1.2
Translocations | 1 2 |  2.1
Dodging        | |  2.3

Action                     |  1- 3 |  4- 6 |  7- 9 || total
---------------------------+-------+-------+-------++-------
  Melee: Mace              |    10 |     9 |       ||    19
         Constrict         |     2 |     1 |     2 ||     5
         Tentacles         |     1 |     4 |     2 ||     7
         Trident           |       |     7 |    16 ||    23
   Cast: Foxfire           |    51 |    35 |   113 ||   199
         Scorch            |     1 |    12 |    32 ||    45
         Inner Flame       |       |     1 |     7 ||     8
         Flame Wave        |       |       |     3 ||     3
         Blink             |       |       |     1 ||     1
  Evoke: Wand              |       |       |     1 ||     1
    Use: Scroll            |       |     2 |     1 ||     3
         Potion            |       |     1 |     2 ||     3
   Stab: Sleeping          |     1 |     4 |     2 ||     7
 Armour: Skin              |     2 |       |     1 ||     3
  Dodge: Dodged            |     8 |    14 |    16 ||    38

Table legend: (Time is in decaauts)
 A = Elapsed time spent in this place.
 B = Non-inter-level travel time spent in this place.
 C = Inter-level travel time spent in this place.
 D = Time resting spent in this place.
 E = Time spent auto-exploring this place.
 F = Levels seen in this place.
 G = Mean time per level.
                   A        B        C        D        E       F      G
               +--------+--------+--------+--------+--------+-----+--------+
         Total |   7649 |   7489 |    160 |     33 |   5715 |   9 |  849.9 |
       Dungeon |   7617 |   7457 |    160 |     33 |   5715 |   8 |  952.1 |
        Temple |     31 |     31 |      0 |      0 |      0 |   1 |   31.0 |
               +--------+--------+--------+--------+--------+-----+--------+

Top non-repeatable levels by time:
     D:5: 1382 daAuts
     D:2: 1341 daAuts
     D:1: 1127 daAuts
     D:7: 1102 daAuts
     D:4: 962 daAuts
     D:3: 881 daAuts
     D:6: 763 daAuts
     D:8: 55 daAuts
  Temple: 31 daAuts
